AoeStats
← 季夏

Arabia

509822982Analyzed
1v1 RM · 3d ago on Sep 28, 2026· 48m 55s· 2 players
Game mode
Random Map
Map size
Tiny (2 player)
Population
200
Speed
Normal
Resources
Standard
Victory
Conquest
Starting age
Dark Age
Ending age
Imperial Age
RankedLock teamsTeams togetherTeam positionsShared explorationLock speedFull tech treeHidden civsTurbo modeCheats
Victory
Defeat
🇦🇺 Franks · Australia
948
+46
🇨🇳 Vietnamese · China
969
-17
byh20 brah
11:31 Feudal Age
9:48 Loom
12:00 Double-Bit Axe
14:35 Scale Barding Armor
23:09 Castle Age
21:55 Forging
23:49 Wheelbarrow
23:08 Stone Mining
25:23 Gold Mining
29:55 Hand Cart
31:21 Bow Saw
32:41 Light Cavalry
35:50 Chain Barding Armor
41:12 Imperial Age
41:57 Husbandry
42:32 Conscription
43:12 Hoardings
45:08 Chemistry
47:17 Siege Engineers
47:08 Murder Holes
48:31 Plate Barding Armor
48:31 Iron Casting
季夏
6:28 Loom
9:56 Feudal Age
10:25 Double-Bit Axe
11:47 Horse Collar
14:49 Wheelbarrow
17:49 Scale Mail Armor
21:00 Castle Age
19:26 Forging
19:16 Scale Mail Armor
21:22 Stone Mining
21:58 Heavy Plow
24:19 Stone Shaft Mining
24:17 Pikeman
27:13 Thumb Ring
30:14 Gold Mining
33:55 Imperial Age
36:47 Fletching
36:58 Padded Archer Armor
46:59 Chemistry
46:22 Ballistics
Connection lost

Rejoining the realm…

Still unreachable

The connection could not be restored.

Session expired

The server has moved on; the page needs a fresh start.